 Dungeon Crawl Stone Soup version 0.28-a0-1236-gb25a51b929 (webtiles) character file.

Game seed: 10949495785314893357

190853 porpoise the Eclecticist (level 17, -6/104 HPs)
             Began as a Deep Elf Conjurer on Dec 24, 2021.
             Was the Champion of Vehumet.
             Shot with a bolt by a naga sharpshooter (12 damage)
             ... on level 1 of the Snake Pit on Dec 25, 2021.
             The game lasted 04:02:33 (41963 turns).

porpoise the Eclecticist (Deep Elf Conjurer)       Turns: 41963, Time: 04:02:33

Health: -6/104     AC:  9    Str:  8    XL:     17   Next: 55%
Magic:  29/39      EV: 17    Int: 28    God:    Vehumet [******]
Gold:   2620       SH:  5    Dex: 13    Spells: 13/48 levels left

rFire   . . .      SeeInvis +   a - staff of conjuration
rCold   + + +      Faith    .   G - +0 buckler
rNeg    + . .      Spirit   .   I - +2 robe {Will+}
rPois   +          Reflect  .   R - +1 hat
rElec   +          Harm     .   m - scarf {+Inv}
rCorr   +          Rampage  .   k - +2 pair of gloves
Will    ++...                   d - +0 pair of boots
Stlth   +++++.....              j - amulet of magic regeneration
HPRegen 0.27/turn               i - ring "Baphus" {Contam rElec rPois Int+4}
MPRegen 0.66/turn               K - ring of Vetah {rC+++ rN+ rCorr Int-4 SInv}

@: lethally poisoned (-6 -> -8)
A: no striking features
}: 1/15 runes: decaying
a: Renounce Religion, Evoke Invisibility


You were on level 1 of the Snake Pit.
You worshipped Vehumet.
Vehumet was exalted by your worship.
You visited 6 branches of the dungeon, and saw 29 of its levels.
You also visited: Sewer and Gauntlet.

You collected 4575 gold pieces.
You spent 1955 gold pieces at shops.

Inventory:

Hand Weapons
 w - a +2 hunting sling of freezing
Missiles
 p - a curare-tipped dart (quivered)
 v - 175 sling bullets
Armour
 d - a +0 pair of boots (worn)
 k - a +2 pair of gloves (worn)
 m - a scarf of invisibility (worn)
 G - a +0 buckler (worn)
 I - a +2 robe of willpower (worn)
 R - a +1 hat (worn)
Magical Staves
 a - a staff of conjuration (weapon)
 b - a staff of poison
Jewellery
 i - the ring "Baphus" (left hand) {Contam rElec rPois Int+4}
   (You bought it in a shop on level 1 of the Orcish Mines)

   [ring of poison resistance]

   Int:       It affects your intelligence (+4).
   rElec:     It insulates you from electricity.
   rPois:     It protects you from poison.
   Contam:    It causes magical contamination when unequipped.
 j - an amulet of magic regeneration (around neck)
 K - the ring of Vetah (right hand) {rC+++ rN+ rCorr Int-4 SInv}
   (You found it in a Gauntlet)

   [ring of positive energy]

   Int:       It affects your intelligence (-4).
   rC:        It renders you almost immune to cold.
   rN:        It protects you from negative energy.
   SInv:      It lets you see invisible.
   rCorr:     It protects you from acid and corrosion.
Wands
 c - a wand of charming (5)
 n - a wand of mindburst (6)
 t - a wand of digging (15)
 C - a wand of iceblast (28)
 L - a wand of flame (55)
 P - a wand of acid (4)
 S - a wand of polymorph (19)
 W - a wand of paralysis (14)
Scrolls
 f - 3 scrolls of holy word
 o - a scroll of silence
 r - 8 scrolls of vulnerability
 s - 2 scrolls of summoning
 u - 5 scrolls of teleportation
 y - 2 scrolls of fog
 F - 6 scrolls of magic mapping
 U - 2 scrolls of fear
Potions
 g - 3 potions of ambrosia
 h - 8 potions of lignification
 q - 5 potions of haste
 z - 5 potions of flight
 B - 9 potions of heal wounds
 D - 7 potions of curing
 E - 3 potions of cancellation
 J - 2 potions of resistance
 M - 5 potions of magic
 Q - 4 potions of attraction
Miscellaneous
 H - a tin of tremorstones (2/2)
 Z - a condenser vane


   Skills:
 + Level 11.5 Fighting
 - Level 0.1 Slings
 - Level 12.0 Dodging
 - Level 12.0 Stealth
 - Level 4.0 Shields
 - Level 16.0 Spellcasting
 - Level 12.0 Conjurations
 - Level 12.0 Hexes
 - Level 9.0 Translocations
 - Level 5.0 Transmutations
 + Level 11.1 Fire Magic
 - Level 9.0 Earth Magic
 - Level 9.0 Poison Magic
 - Level 9.0 Evocations


You had 13 spell levels left.
You knew the following spells:

 Your Spells              Type           Power      Damage    Failure   Level
a - Magic Dart            Conj           100%       1d8       0%          1
b - Searing Ray           Conj           100%       2d8       0%          2
c - Fulminant Prism       Conj/Hex       47%        3d21      1%          4
d - Iskenderun's Mystic   Conj/Tloc      89%        2d17      1%          4
e - Iron Shot             Conj/Erth      44%        9d9       1%          6
f - Fireball              Conj/Fire      46%        3d18      1%          5
k - Blink                 Tloc           100%       N/A       1%          2
l - Lee's Rapid Deconstr  Erth           32%        3d17*     1%          5
t - Passwall              Tmut/Erth      47%        N/A       1%          2
x - Olgreb's Toxic Radia  Pois           64%        N/A       1%          4

Your spell library contained the following spells:

 Spells                   Type           Power      Damage    Failure   Level
 Spellforged Servitor     Conj/Summ      35%        N/A       36%         7
 Beastly Appendage        Tmut           100%       N/A       1%          1
 Shock                    Conj/Air       100%       1d9       1%          1
 Ensorcelled Hibernation  Hex/Ice        100%       N/A       1%          2
 Poisonous Vapours        Pois/Air       94%        N/A       1%          2
 Wereblood                Tmut           50%        N/A       1%          2
 Dazzling Flash           Conj/Hex       100%       N/A       1%          3
 Frozen Ramparts          Ice            44%        1d6       1%          3
 Lesser Beckoning         Tloc           64%        N/A       1%          3
 Portal Projectile        Hex/Tloc       100%       N/A       1%          3
 Spider Form              Tmut/Pois      57%        N/A       1%          3
 Tukima's Dance           Hex            74%        N/A       1%          3
 Leda's Liquefaction      Hex/Erth       34%        N/A       1%          4
 Passage of Golubria      Tloc           64%        N/A       1%          4
 Manifold Assault         Tloc           64%        N/A       1%          5
 Yara's Violent Unravell  Hex/Tmut       31%        3d13      1%          5
 Starburst                Conj/Fire      46%        6d13      1%          6
 Animate Skeleton         Necr           44%        N/A       2%          1
 Pain                     Necr           88%        1d8       2%          1
 Corpse Rot               Necr/Air       44%        N/A       3%          2
 Call Canine Familiar     Summ           22%        N/A       6%          3
 Ozocubu's Armour         Ice            22%        N/A       6%          3
 Swiftness                Air            22%        N/A       6%          3
 Vampiric Draining        Necr           22%        2d7       6%          3
 Airstrike                Air            11%        N/A       6%          4
 Ice Form                 Ice/Tmut       36%        N/A       8%          4
 Dispel Undead            Necr           22%        3d12      22%         4
 Summon Ice Beast         Ice/Summ       22%        N/A       22%         4
 Ignition                 Fire           35%        3d11      36%         8
 Malign Gateway           Summ/Tloc      23%        N/A       96%         7
 Death Channel            Necr           11%        N/A       97%         6
 Ozocubu's Refrigeration  Ice            11%        4d7       98%         7
 Storm Form               Tmut/Air       18%        N/A       100%        7
 Summon Horrible Things   Summ           11%        N/A       100%        8


Dungeon Overview and Level Annotations

Branches:
Dungeon (15/15)            Temple (1/1) D:6            Lair (6/6) D:9
  Swamp (4/4) Lair:2        Snake (1/4) Lair:4        Slime (0/5) Lair:5
    Orc (2/2) D:9             Elf (0/3) Orc:2        Vaults (0/5) D:14
 Depths (0/4) D:15          Sewer (visited)         Gauntlet (visited)

Altars:
Ashenzari
Dithmenos
Elyvilon
Fedhas
Gozag
Hepliaklqana
Makhleb
Nemelex Xobeh
Okawaru
Qazlal
Ru
Sif Muna
Trog
Uskayaw
Vehumet
Wu Jian
Xom
Zin
The Shining One
Jiyva

Shops:
D:6 *=*   D:7 [   D:9 (   Orc:1 =*(   Orc:2 ?((*

Annotations:
Lair:6 not explored


Message History

The naga sharpshooter shoots a bolt.
The bolt hits you!!
* * * LOW HITPOINT WARNING * * *
A naga comes into view. It is wielding a +0 trident.
You block the black mamba's attack.
Your fulminant prism explodes!
The blast of energy engulfs the guardian serpent!!!
You kill the guardian serpent!
Vehumet accepts your kill.
The blast of energy engulfs the naga warrior!!
The naga warrior is moderately wounded.
The blast of energy engulfs the salamander!!
The salamander is heavily wounded.
The blast of energy engulfs the naga sharpshooter!!!
The naga sharpshooter is almost dead.
Your fulminant prism crackles loudly.
You hear an angry hiss. x2; You hear a shout! x6; You hear an angry hiss. x2
You feel sick. You block the black mamba's attack.
The naga mage loses its grip on your fulminant prism.
The salamander hits you from afar with a +0 halberd!
* * * LOW HITPOINT WARNING * * *
You are engulfed in flames!
* * * LOW HITPOINT WARNING * * *
The naga hits your fulminant prism with a +0 scimitar!
The naga grabs your fulminant prism.
The naga constricts your fulminant prism.
Your fulminant prism explodes!
The blast of energy engulfs the naga!!
You kill the naga!
Vehumet accepts your kill.
The blast of energy engulfs the naga mage!!
The naga mage is severely wounded.
The blast of energy engulfs the salamander!
The salamander is moderately wounded.
The blast of energy engulfs the black mamba!!
The black mamba is heavily wounded.
The naga sharpshooter shoots a bolt.
The bolt closely misses you.
The naga sharpshooter casts a spell.
The naga sharpshooter magically shoots a bolt.
The bolt hits you!
You die...

.........
...S.S.N#
.......S#
....N...###
..!.N...N.##
..N..†...⌠.###N
..........*....
...⌠NNS@S.)⌠...
.....).........
.....S...⌠.....
....#..........
... ...........
.. ............
. .............
........#.....


You could see a naga warrior (curare), 2 naga sharpshooters, 2 salamanders, 2
mana vipers, 4 black mambas, 2 naga magi, a naga and a friendly fulminant prism.

Vanquished Creatures
  Rupert (Lair:6)
  A thorn hunter (Swamp:1)
  A fenstrider witch (Swamp:4)
  An orc warlord (Orc:2)
  Aizul (Swamp:2)
  An eleionoma (Swamp:2)
  3 bunyips
  A minotaur (Gauntlet)
  Snorg (Orc:1)
  Josephine (Swamp:1)
  A fire dragon (Lair:6)
  Harold (D:7)
  2 shambling mangroves (Swamp:4)
  Erolcha (Orc:2)
  2 boulder beetles
  8 vault guards
  27 hydras
  An ogre mage (D:14)
  3 ghost crabs
  7 alligators
  7 two-headed ogres
  11 death yaks
  5 tengu warriors
  5 centaur warriors
  3 orc high priests (Orc:2)
  A spriggan berserker (Swamp:4)
  Urug (Orc:1)
  Nergalle (Orc:1)
  5 spriggans
  5 goliath frogs
  3 skeletal warriors (D:15)
  3 spriggan druids (Swamp:4)
  A glowing orange brain (D:15)
  5 lindwurms
  A harpy (shapeshifter) (D:15)
  3 bog bodies
  5 orc knights
  20 swamp dragons
  2 deep elf pyromancers
  2 wolf spiders (Lair:6)
  3 cyclopes
  18 ugly things
  3 orc sorcerers (Orc:2)
  2 manticores
  3 will-o-the-wisps
  9 elephants
  5 centaur zombies
  13 black mambas
  2 guardian serpents
  27 cane toads
  6 torpor snails
  2 gargoyles
  3 unseen horrors
  2 tengu conjurers
  2 rime drakes
  An efreet (Gauntlet)
  2 kobold demonologists (D:9)
  21 komodo dragons
  3 meliai (D:15)
  2 polar bears
  4 trolls
  20 hornets
  5 bloated husks
  Grinder (Sewer)
  7 tyrant leeches
  A blink frog (shapeshifter) (D:13)
  32 blink frogs
  7 slime creatures
  12 dream sheep
  A shadow (D:9)
  A redback (Lair:6)
  55 yaks
  A yak (shapeshifter) (D:12)
  12 wyverns
  2 basilisks
  A hog (shapeshifter) (D:14)
  5 wraiths
  3 fire elementals (Gauntlet)
  3 chaos spawn (Gauntlet)
  A neqoxec (Gauntlet)
  Menkaure (D:7)
  10 swamp worms
  6 wargs
  A two-headed ogre zombie (D:9)
  A naga (Snake:1)
  3 hell hounds (Gauntlet)
  42 water moccasins
  2 acid dragons (D:12)
  Duvessa (D:7)
  3 black bears
  9 swamp drakes
  25 orc warriors
  3 sky beasts
  9 centaurs
  3 boggarts (D:14)
  11 ogres
  2 phantoms
  22 wolves
  5 kobold brigands
  21 bullfrogs
  4 scorpions
  A wyvern zombie (D:6)
  A wyvern skeleton (D:7)
  2 water moccasin skeletons
  3 troll zombies (D:9)
  Dowan (D:7)
  6 killer bees (D:9)
  11 wights
  3 electric eels (D:8)
  4 howler monkeys
  A bullfrog zombie (D:5)
  3 hounds
  19 orc priests
  A centaur skeleton (D:5)
  2 iguanas
  21 orc wizards
  4 ogre zombies (D:9)
  4 gnolls (D:4)
  12 adders
  2 howler monkey skeletons
  4 shadow imps
  A white imp (D:8)
  3 ufetubi (Sewer)
  A worm (D:2)
  A dart slug (D:1)
  74 orcs
  4 ball pythons
  8 endoplasms
  7 giant cockroaches
  9 goblins
  A hobgoblin (shapeshifter) (D:9)
  8 hobgoblins
  14 jackals
  38 kobolds
  3 quokkas
  5 bats
  4 frilled lizards
  2 goblin skeletons (D:9)
  2 goblin zombies (D:9)
  A hobgoblin skeleton (D:9)
  5 hobgoblin zombies (D:9)
  4 orc skeletons (D:9)
  11 orc zombies (D:9)
  4 rats
  A fulminant prism (D:15)
957 creatures vanquished.

Vanquished Creatures (others)
  A tentacled monstrosity (Swamp:3)
  4 bushes (D:15)
  2 foxfires (Swamp:4)
  264 fulminant prisms
  98 fungi
  157 plants
526 creatures vanquished.

Grand Total: 1483 creatures vanquished

Notes
Turn   | Place    | Note
-------+----------+-------------------------------------------
     0 | D:1      | porpoise the Deep Elf Conjurer began the quest for the Orb.
     0 | D:1      | Reached XP level 1. HP: 10/10 MP: 6/6
   234 | D:1      | Reached XP level 2. HP: 15/15 MP: 5/8
   237 | D:1      | Learned a level 2 spell: Searing Ray
   371 | D:1      | Reached skill level 5 in Conjurations
   737 | D:1      | Found a faded altar of an unknown god.
   857 | D:1      | Reached XP level 3. HP: 19/19 MP: 7/9
  1399 | D:2      | Noticed a scorpion
  1407 | D:2      | Killed a scorpion
  1408 | D:2      | Reached skill level 4 in Spellcasting
  1408 | D:2      | Reached XP level 4. HP: 24/24 MP: 7/12
  2140 | D:3      | Learned a level 4 spell: Fulminant Prism
  2145 | D:3      | Learned a level 4 spell: Iskenderun's Mystic Blast
  2262 | D:3      | Reached XP level 5. HP: 28/28 MP: 7/13
  2296 | D:3      | Found a burning altar of Makhleb.
  2343 | D:3      | Reached skill level 1 in Hexes
  2808 | D:3      | Found an iron altar of Okawaru.
  2808 | D:3      | Found an opulent altar of Gozag.
  2841 | D:3      | Reached skill level 5 in Spellcasting
  3317 | D:4      | Found a glowing drain.
  3409 | Sewer    | Entered a sewer
  3552 | Sewer    | Reached XP level 6. HP: 29/32 MP: 13/16
  3595 | Sewer    | Reached skill level 6 in Spellcasting
  3609 | Sewer    | Noticed Grinder
  3615 | Sewer    | Paralysed by Grinder for 3 turns
  3619 | Sewer    | Killed Grinder
  3620 | Sewer    | Reached skill level 5 in Hexes
  3620 | Sewer    | Reached XP level 7. HP: 36/36 MP: 7/19
  3651 | Sewer    | Reached skill level 7 in Spellcasting
  3713 | Sewer    | Found an ancient bone altar of Kikubaaqudgha.
  3722 | Sewer    | Reached skill level 1 in Translocations
  4503 | D:5      | Entered Level 5 of the Dungeon
  4860 | D:5      | Reached XP level 8. HP: 41/41 MP: 17/20
  5035 | D:5      | Found a broken altar of Ashenzari.
  5161 | D:5      | Found a shimmering blue altar of Sif Muna.
  5527 | D:6      | Found a staircase to the Ecumenical Temple.
  5533 | Temple   | Entered the Ecumenical Temple
  5578 | Temple   | Became a worshipper of Vehumet
  5631 | D:6      | Reached skill level 5 in Translocations
  5840 | D:6      | Reached skill level 1 in Fighting
  5846 | D:6      | Found Suzofaqa's Jewellery Shoppe.
  6107 | D:6      | Reached skill level 1 in Evocations
  6107 | D:6      | Reached XP level 9. HP: 42/48 MP: 18/22
  6222 | D:6      | Reached skill level 8 in Spellcasting
  6423 | D:6      | Found Bahu's Specific Store.
  6423 | D:6      | Found Fethifu's General Store.
  6439 | D:6      | Bought a scroll of fear for 45 gold pieces
  6933 | D:7      | Found Hips's Armour Emporium.
  6951 | D:7      | Noticed Menkaure
  6962 | D:7      | Killed Menkaure
  6968 | D:7      | Reached * piety under Vehumet
  6968 | D:7      | Offered knowledge of Sandblast by Vehumet.
  7104 | D:7      | Found a shadowy altar of Dithmenos.
  7120 | D:7      | Noticed Duvessa
  7122 | D:7      | Noticed Dowan
  7126 | D:7      | Killed Duvessa
  7135 | D:7      | Killed Dowan
  7376 | D:7      | Reached skill level 9 in Spellcasting
  7550 | D:7      | Noticed Harold
  7561 | D:7      | Killed Harold
  7671 | D:7      | You fall into a shaft and drop 3 floors!
  7671 | D:10     | Entered Level 10 of the Dungeon
  7676 | D:10     | Noticed a troll
  7681 | D:9      | Found Gudued's Antique Weapon Boutique.
  7687 | D:9      | Reached skill level 10 in Spellcasting
  8049 | D:9      | Found a faded altar of an unknown god.
  8156 | D:9      | Noticed a komodo dragon
  8162 | D:9      | Killed a komodo dragon
  8163 | D:9      | Reached XP level 10. HP: 27/58 MP: 16/26
  8332 | D:9      | Noticed an eight-headed hydra
  8336 | D:9      | Killed an eight-headed hydra
  8337 | D:9      | Reached skill level 5 in Fighting
  8365 | D:9      | Reached XP level 11. HP: 66/66 MP: 27/27
  8409 | D:9      | Noticed a death yak
  8409 | D:9      | Noticed a death yak
  8409 | D:9      | Noticed a death yak
  8434 | D:9      | Killed a death yak
  8435 | D:9      | Reached skill level 11 in Spellcasting
  8704 | D:9      | Offered knowledge of Static Discharge by Vehumet.
  8710 | D:9      | Reached ** piety under Vehumet
  9970 | D:8      | Found a transporter.
  9983 | D:8      | Found a transporter.
 10591 | D:9      | Noticed a death yak
 10604 | D:8      | Killed a death yak
 10852 | D:9      | Found a staircase to the Orcish Mines.
 10876 | D:9      | Noticed a tengu warrior
 10879 | D:9      | Reached skill level 12 in Spellcasting
 10887 | D:9      | Killed a tengu warrior
 10900 | D:9      | Offered knowledge of Conjure Flame by Vehumet.
 10958 | D:9      | Noticed a death yak
 10959 | D:9      | Killed a death yak
 10961 | D:9      | Noticed a death yak
 10963 | D:9      | Noticed a death yak
 10964 | D:9      | Noticed a death yak
 11086 | D:9      | Reached *** piety under Vehumet
 11327 | D:9      | Found a staircase to the Lair.
 11359 | D:9      | Found a blossoming altar of Fedhas.
 11367 | D:9      | Found a stormy altar of Qazlal.
 11384 | D:9      | Learned a level 2 spell: Blink
 11727 | Lair:1   | Entered Level 1 of the Lair of Beasts
 11773 | D:9      | Killed a death yak
 11790 | D:9      | Killed a death yak
 11790 | D:9      | Killed a death yak
 11791 | D:9      | Reached XP level 12. HP: 27/72 MP: 13/30
 12012 | D:8      | Killed a death yak
 12012 | D:8      | Killed a death yak
 12012 | D:8      | Offered knowledge of Hailstorm by Vehumet.
 12469 | Lair:1   | Noticed a seven-headed hydra
 12475 | Lair:1   | Killed a seven-headed hydra
 12799 | Lair:1   | Reached skill level 10 in Dodging
 13699 | D:10     | Noticed a two-headed ogre
 13705 | D:10     | Killed a two-headed ogre
 13706 | D:10     | Reached skill level 1 in Shields
 13861 | D:10     | Reached **** piety under Vehumet
 13868 | D:10     | Offered knowledge of Olgreb's Toxic Radiance by Vehumet.
 13874 | D:10     | Reached skill level 10 in Stealth
 14011 | D:10     | Learned a level 4 spell: Olgreb's Toxic Radiance
 14082 | D:10     | Identified a scroll of acquirement
 14082 | D:10     | Acquired 1201 gold pieces
 14279 | D:11     | Reached skill level 1 in Poison Magic
 14826 | D:11     | Noticed a two-headed ogre
 14846 | D:11     | Killed a two-headed ogre
 15780 | D:12     | Noticed a boulder beetle
 15806 | D:12     | Killed a boulder beetle
 16209 | D:12     | Reached XP level 13. HP: 76/76 MP: 28/31
 16385 | D:12     | Found a hide-covered altar of Uskayaw.
 17763 | Lair:2   | Learned a level 2 spell: Passwall
 17834 | Lair:2   | Reached skill level 5 in Poison Magic
 18022 | Lair:2   | Reached ***** piety under Vehumet
 18022 | Lair:2   | Offered knowledge of Starburst by Vehumet.
 18194 | Lair:2   | Found a staircase to the Swamp.
 19655 | Lair:3   | Reached skill level 13 in Spellcasting
 20986 | Lair:4   | Reached skill level 14 in Spellcasting
 20986 | Lair:4   | Reached XP level 14. HP: 74/83 MP: 5/34
 21305 | Lair:4   | Upgraded the game from 0.28-a0-1235-g7c8fac35f0 to
                  | 0.28-a0-1236-gb25a51b929
 21677 | Lair:4   | Found a staircase to the Snake Pit.
 22217 | Lair:5   | Reached skill level 10 in Hexes
 22232 | Lair:5   | Offered knowledge of Sticky Flame by Vehumet.
 23107 | Lair:5   | Found a viscous altar of Jiyva.
 23107 | Lair:5   | Found a staircase to the Slime Pits.
 23350 | Lair:5   | You fall into a shaft and drop 1 floor!
 23350 | Lair:6   | Entered Level 6 of the Lair of Beasts
 25142 | D:13     | Reached skill level 1 in Transmutations
 25142 | D:13     | Reached skill level 1 in Earth Magic
 25490 | D:13     | Identified the +0 robe of Duol {Int+5 Stlth+}
 26412 | D:14     | Offered knowledge of Lightning Bolt by Vehumet.
 26413 | D:14     | Reached XP level 15. HP: 90/90 MP: 11/35
 26630 | D:14     | Learned a level 5 spell: Lee's Rapid Deconstruction
 26671 | D:14     | Reached skill level 10 in Conjurations
 27097 | D:14     | Acquired a book of Fire
 27122 | D:14     | Learned a level 5 spell: Fireball
 27216 | D:14     | Found a gate to the Vaults.
 27551 | D:15     | Entered Level 15 of the Dungeon
 27575 | D:15     | Reached skill level 5 in Transmutations
 27575 | D:15     | Reached skill level 5 in Earth Magic
 27580 | D:15     | Reached skill level 1 in Fire Magic
 28133 | D:15     | Found a shadowy altar of Dithmenos.
 28876 | D:15     | Reached skill level 5 in Fire Magic
 29248 | D:15     | Found a staircase to the Depths.
 29704 | Orc:1    | Entered Level 1 of the Orcish Mines
 29704 | Orc:1    | Noticed Snorg
 29712 | Orc:1    | Killed Snorg
 29961 | Orc:1    | Noticed Nergalle
 29967 | Orc:1    | Killed Nergalle
 30092 | Orc:1    | Found Gozatefo's General Store.
 30281 | Orc:1    | Found Acray's Jewellery Shoppe.
 30319 | Orc:1    | Bought the ring "Baphus" {Contam rElec rPois Int+4} for 478
                  | gold pieces
 30321 | Orc:1    | Bought the ring of the Dolphin {Str+3 SInv} for 367 gold
                  | pieces
 30659 | Orc:1    | Found Geuv's Weapon Boutique.
 30815 | Orc:2    | Entered Level 2 of the Orcish Mines
 30815 | Orc:2    | Found a gate leading to a gauntlet.
 30815 | Orc:2    | Found an iron altar of Okawaru.
 30816 | Orc:2    | Found a staircase to the Elven Halls.
 30818 | Gauntlet | Entered a Gauntlet
 30818 | Gauntlet | Found a transporter.
 30818 | Gauntlet | Found a transporter.
 30826 | Gauntlet | Found a transporter.
 30830 | Gauntlet | Found a transporter.
 30841 | Gauntlet | Found a transporter.
 30842 | Gauntlet | Found a transporter.
 30850 | Gauntlet | Found a transporter.
 30865 | Gauntlet | Found a runed translucent gate.
 30866 | Gauntlet | Found a transporter.
 30866 | Gauntlet | Found a runed translucent gate.
 30867 | Gauntlet | Found a runed translucent gate.
 30881 | Gauntlet | Found a transporter.
 30885 | Gauntlet | Found a transporter.
 30893 | Gauntlet | Found a transporter.
 30897 | Gauntlet | Found a transporter.
 31373 | Gauntlet | Identified the ring of Vetah {rC+++ rN+ rCorr Int-4 SInv}
 31400 | Gauntlet | Identified the +3 shortbow of a Thousand Spirits {venom,
                  | rF+ Str+2}
 31400 | Gauntlet | Identified the +1 troll leather armour "Ceujar" {Rampage
                  | +Blink Regen+}
 31400 | Gauntlet | Identified the ring "Ycofux Bofa" {rN+ rCorr}
 31421 | Gauntlet | Got the Catalogue of the Frostbite and Weightlessness
 31855 | Orc:2    | Noticed Erolcha
 32574 | Orc:1    | Noticed Urug
 32578 | Orc:1    | Killed Urug
 32578 | Orc:1    | Noticed an orc warlord
 32667 | Orc:2    | Killed an orc warlord
 32930 | Orc:2    | Killed Erolcha
 33843 | Orc:2    | Found Rym Wept's Antique Weapon Boutique.
 33850 | Orc:2    | Found Ykaahud's Antique Weapon Shoppe.
 33852 | Orc:2    | Found Diluurhu's Magic Scroll Boutique.
 33853 | Orc:2    | Found Jaejuw's General Store.
 34045 | Orc:2    | Bought a tin of tremorstones (2/2) for 640 gold pieces
 34045 | Orc:2    | Bought a potion of resistance for 160 gold pieces
 34045 | Orc:2    | Bought a scroll of teleportation for 48 gold pieces
 34055 | Orc:2    | Bought a scroll of teleportation for 33 gold pieces
 34055 | Orc:2    | Bought a scroll of fog for 22 gold pieces
 34058 | Orc:2    | Bought a glowing hunting sling for 162 gold pieces
 34290 | Lair:6   | Reached XP level 16. HP: 96/96 MP: 21/36
 34541 | Lair:6   | Offered knowledge of Iron Shot by Vehumet.
 34552 | Lair:6   | Learned a level 6 spell: Iron Shot
 34889 | Lair:6   | Reached ****** piety under Vehumet
 34893 | Lair:6   | Noticed Rupert
 35117 | Lair:6   | Killed Rupert
 35194 | Lair:6   | Found a runed translucent door.
 35836 | Lair:6   | Identified the +1 leather armour of the Sun {rElec Will+}
 36127 | Lair:6   | Offered knowledge of Eringya's Noxious Bog by Vehumet.
 36968 | Swamp:1  | Entered Level 1 of the Swamp
 36969 | Swamp:1  | Noticed Josephine
 36978 | Swamp:1  | Killed Josephine
 36982 | Swamp:1  | Noticed a thorn hunter
 37650 | Swamp:1  | Killed a thorn hunter
 38202 | Swamp:2  | Reached skill level 15 in Spellcasting
 38528 | Swamp:2  | Noticed Aizul
 38537 | Swamp:2  | Killed Aizul
 39231 | Swamp:2  | Reached skill level 10 in Fighting
 39597 | Swamp:3  | Noticed a tentacled monstrosity
 39601 | Swamp:3  | Killed a tentacled monstrosity
 39729 | Swamp:3  | Reached XP level 17. HP: 93/102 MP: 20/38
 39937 | Swamp:3  | Offered knowledge of Spellforged Servitor by Vehumet.
 40203 | Swamp:3  | Reached skill level 16 in Spellcasting
 40356 | Swamp:4  | Entered Level 4 of the Swamp
 40583 | Swamp:4  | Reached skill level 10 in Fire Magic
 41727 | Swamp:4  | Got a decaying rune of Zot
 41958 | Snake:1  | Entered Level 1 of the Snake Pit
 41963 | Snake:1  | Shot with a bolt by a naga sharpshooter

Illustrated notes

Levels and vault maps discovered:
D:1:      dpeg_arrival_arbitrary_b, layout_basic,
          dilly_ecumenical_altar_fadedgnrine
D:2:      layout_basic, nicolae_figureground_sparkle
D:3:      layout_basic, mainiacjoe_overflow_catwalk, jmf_multi_god_temple,
          small_statue_intersection
D:4:      layout_cave_pools, gup_sewer_entry_glass
D:5:      corexii_shack_village, layout_rooms, ashenzari_altar_1,
          nicolae_overflow_hidden_temple, mainiacjoe_overflow_alcove_1
D:6:      layout_basic, minmay_temple_entry_wispy, serial_shops, shop,
          grunt_ministairs_13, minivault_4, nrook_loot_triangle,
          nicolae_specific_store
D:7:      layout_gridville, mainiacjoe_overflow_tiny_flanked, serial_shops,
          nicolae_stop_n_shop_1, uniq_duvessa, uniq_harold, uniq_menkaure
D:8:      gammafunk_steamed_eel, layout_basic
D:9:      layout_irregular_city, grunt_temple_overflow_forces_of_nature,
          dpeg_lair_monsters, zombieorc2_lemuel, serial_shops, shop,
          serial_column_ruins, column_ruins_temple_hall,
          column_ruins_hut_ruined, column_ruins_open_tiny,
          column_ruins_open_tiny, column_ruins_open_small,
          column_ruins_columns_straight, column_ruins_grid_1,
          column_ruins_grid_1, minivault_20, minmay_three_doors
D:10:     layout_rooms, minmay_misc_feat_secret_circle
D:11:     layout_layer_cave
D:12:     layout_roguey, special_room [special_room_orc],
          nicolae_uskayaw_murder_on_the_dancefloor
D:13:     layout_stronghold
D:14:     layout_basic, erik_vaults_2, serial_glass, glass_columns_a,
          glass_columns_b
D:15:     gammafunk_enter_depths_forms, layout_loops_corners, serial_park_paths
          [serial_park_minivault_5x5_5], nicolae_dithmenos_the_darkroom
Temple:   minmay_temple_bridge_abc
Lair:1:   layout_big_grid, beast_lair_carwin_4
Lair:2:   layout_hall_layers, skrybe_swamp_entry_bodies,
          chequers_serial_rivers_small_3
Lair:3:   layout_loops_ring
Lair:4:   layout_regular_city, minmay_snake_entry_six_corridors,
          infiniplex_staircase_pool, lemuel_fruit_tree, grunt_megastairs_2
Lair:5:   nzn_winding_woodlands_cross [nzn_winding_woodlands_5x15_pool,
          nzn_winding_woodlands_5x15_parted,
          nzn_winding_woodlands_5x15_sidewinder, nzn_winding_woodlands_5x15_eye,
          nzn_winding_woodlands_15x15_killbox], layout_cave_shapes,
          dpeg_slime_entry_enclosed_altar, serial_bayou_pond_b, st_stairs_8,
          grunt_megastairs_5
Lair:6:   wormcave, layout_small_grid, hangedman_lair_tendril_chambers,
          st_stairs_9, serial_bayou_shore_b, uniq_rupert
Swamp:1:  layout_falls_marsh, nicolae_swamp_round_clearing, swamp_pool1,
          st_swamp_ruins_3, uniq_josephine
Swamp:2:  layout_basic_swamp, evilmike_swamp_ruin_house_4, uniq_aizul
Swamp:3:  layout_falls_marsh, evilmike_swamp_ruin_house_5,
          nicolae_swamp_super_fun_site
Swamp:4:  swamp_alternative, layout_basic_swamp
Snake:1:  layout_layer_cave, basic_altar, grunt_ministairs_2
Orc:1:    minmay_goldmine, layout_diamond_mine, serial_shops,
          nicolae_shop_stone, shop, nicolae_shop_statue_plus, uniq_urug,
          uniq_snorg, uniq_nergalle
Orc:2:    st_orc_elflike, layout_diamond_mine, gauntlet_entry_generic,
          nicolae_orc_stony_grotto, okawaru_metal_pillars_1_2, uniq_erolcha

Skill      XL: |  1  2  3  4  5  6  7  8  9 10 11 12 13 14 15 16 17 |
---------------+----------------------------------------------------+-----
Conjurations   | 5 6 7 8 9 10 12 | 12.0
Spellcasting   | 4 5 6 7 10 12 14 15 16 | 16.0
Hexes          | 3 5 6 7 8 9 12 | 12.0
Translocations | 3 5 7 9 |  9.0
Stealth        | 3 7 9 10 12 | 12.0
Fighting       | 1 4 6 7 9 10 11 | 11.5
Evocations     | 1 4 6 7 9 |  9.0
Dodging        | 6 9 10 12 | 12.0
Shields        | 3 4 |  4.0
Poison Magic   | 2 7 8 9 |  9.0
Transmutations | 3 5 |  5.0
Earth Magic    | 3 9 |  9.0
Fire Magic     | 8 9 11 | 11.1
Slings         | |  0.1

Action                   |  1- 3 |  4- 6 |  7- 9 | 10-12 | 13-15 | 16-18 || total
-------------------------+-------+-------+-------+-------+-------+-------++-------
Melee: Hand axe          |     1 |       |       |       |       |       ||     1
       Hunting sling     |       |       |     1 |       |       |       ||     1
       Staff             |       |       |       |       |     6 |     2 ||     8
 Fire: Hunting sling     |       |    23 |    65 |   121 |    98 |    10 ||   317
Throw: Dart              |       |       |       |     1 |     1 |     1 ||     3
 Cast: Magic Dart        |    44 |    42 |       |       |       |       ||    86
       Searing Ray       |     4 |    35 |    86 |   106 |   192 |    26 ||   449
       Fulminant Prism   |       |     1 |    13 |    84 |   156 |    12 ||   266
       Iskenderun's Myst |       |       |     6 |    42 |   180 |    65 ||   293
       Blink             |       |       |       |     1 |       |     1 ||     2
       Olgreb's Toxic Ra |       |       |       |       |    66 |    13 ||    79
       Fireball          |       |       |       |       |    30 |    75 ||   105
       Lee's Rapid Decon |       |       |       |       |    23 |     2 ||    25
       Iron Shot         |       |       |       |       |       |   186 ||   186
Evoke: Wand              |       |       |       |     9 |     3 |     9 ||    21
  Use: Scroll            |       |     8 |    15 |    15 |     3 |     1 ||    42
       Potion            |       |       |     1 |     1 |     2 |       ||     4
 Stab: Sleeping          |       |       |       |       |       |     1 ||     1
Armor: Robe              |     1 |     2 |     4 |    17 |    43 |     7 ||    74
Dodge: Dodged            |     8 |    20 |    31 |    92 |   228 |    47 ||   426
Block: Buckler           |       |       |       |       |     3 |    11 ||    14

Table legend: (Time is in decaauts)
 A = Elapsed time spent in this place.
 B = Non-inter-level travel time spent in this place.
 C = Inter-level travel time spent in this place.
 D = Time resting spent in this place.
 E = Time spent auto-exploring this place.
 F = Levels seen in this place.
 G = Mean time per level.
                   A        B        C        D        E       F      G
               +--------+--------+--------+--------+--------+-----+--------+
         Total |  42363 |  39751 |   2612 |  16936 |  12110 |  31 | 1366.5 |
       Dungeon |  20891 |  19970 |    921 |   7892 |   7989 |  15 | 1392.7 |
        Temple |     79 |     45 |     34 |      0 |     28 |   1 |   79.0 |
          Lair |  11565 |  10395 |   1170 |   4328 |   3037 |   6 | 1927.5 |
         Swamp |   4938 |   4582 |    356 |   2496 |    463 |   4 | 1234.5 |
     Snake Pit |      5 |      5 |      0 |      0 |      0 |   1 |    5.0 |
  Orcish Mines |   3641 |   3511 |    130 |   1731 |    492 |   2 | 1820.5 |
         Sewer |    644 |    644 |      0 |    299 |      5 |   1 |  644.0 |
      Gauntlet |    597 |    597 |      0 |    188 |     95 |   1 |  597.0 |
               +--------+--------+--------+--------+--------+-----+--------+

Top non-repeatable levels by time:
     D:9: 3139 daAuts
  Lair:6: 2385 daAuts
   Orc:2: 2072 daAuts
    D:13: 1983 daAuts
  Lair:5: 1962 daAuts
    D:15: 1921 daAuts
  Lair:3: 1920 daAuts
  Lair:4: 1901 daAuts
  Lair:1: 1711 daAuts
  Lair:2: 1685 daAuts
    D:12: 1678 daAuts
     D:8: 1667 daAuts
    D:11: 1630 daAuts
   Orc:1: 1568 daAuts
     D:6: 1492 daAuts
